 Dungeon Crawl Stone Soup version 0.28-a0-477-g0b43c73ce0 (webtiles) character file.

Game seed: 7665637336521113569

121 Dabor the Chopper (level 4, -8/45 HPs)
             Began as a Troll Berserker on Sept 17, 2021.
             Was a Believer of Trog.
             Mangled by Sigmund (18 damage)
             ... on level 4 of the Dungeon.
             The game lasted 00:04:03 (2068 turns).

Dabor the Chopper (Troll Berserker)                 Turns: 2068, Time: 00:04:03

Health: -8/45      AC:  4    Str: 26    XL:     4   Next: 76%
Magic:  3/3        EV: 10    Int:  3    God:    Trog [**....]
Gold:   90         SH:  0    Dex:  9    Spells: 3/3 levels left

rFire   . . .      SeeInvis .   j - +0 battleaxe
rCold   . . .      Faith    .   (shield currently unavailable)
rNeg    . . .      Spirit   .   b - +0 animal skin
rPois   .          Reflect  .   (helmet restricted)
rElec   .          Harm     .   (no cloak)
rCorr   .          Rampage  .   (gloves unavailable)
Will    .....                   (boots unavailable)
Stlth   +.........              (no amulet)
HPRegen 1.15/turn               (no ring)
MPRegen 0.08/turn               (no ring)

@: on berserk cooldown, slowed, very slow
A: large, unfitting armour, claws 3, regeneration 1, shaggy fur 1, tough skin 1
a: Renounce Religion, Berserk, Trog's Hand


You were on level 4 of the Dungeon.
You worshipped Trog.
Trog was pleased with you.
You visited 1 branch of the dungeon, and saw 4 of its levels.

You collected 114 gold pieces.
You spent 24 gold pieces at shops.

Inventory:

Hand Weapons
 a - a +0 hand axe
 j - a +0 battleaxe (weapon)
Missiles
 k - 27 stones (quivered)
Armour
 b - a +0 animal skin (worn)
Scrolls
 c - 2 scrolls of identify {unknown}
 g - a scroll of brand weapon {unknown}
 h - a scroll of holy word {unknown}
 i - a scroll of enchant armour {unknown}
 m - a scroll of immolation {unknown}
Potions
 d - a potion of curing {unknown}
 e - 2 potions of heal wounds {unknown}
 f - a potion of degeneration {unknown}
 l - a potion of haste {unknown}
 n - a potion of lignification {unknown}


   Skills:
 + Level 3.0 Fighting
 * Level 3.6 Axes
 + Level 0.2 Throwing
 + Level 3.1 Dodging


You had 3 spell levels left.
You didn't know any spells.
Your spell library was empty.

Dungeon Overview and Level Annotations

Branches:
Dungeon (4/15)
 Temple: D:4-7

Altars:
Trog

Shops:
D:1 (*

Annotations:
D:4 Sigmund


Innate Abilities, Weirdness & Mutations

You are too large for most types of armour.
You have claws for hands.
Your natural rate of healing is unusually fast.
You are covered in fur. (AC +1)
You have tough skin. (AC +1)


Message History

The magic dart hits you.
Your skin crawls.
You feel strong-willed.
Sigmund hits you from afar with a +0 scythe.
A red film seems to cover your vision as you go berserk!
You feel yourself moving faster!
You feel mighty!
You feel a strong urge to attack something.
Sigmund drinks a potion.
Sigmund seems to grow stronger.
You barely miss Sigmund.
Sigmund casts a spell.
Sigmund flickers and vanishes!
Deactivating autopickup; reactivate with Ctrl-A.
You closely miss something. Something hits you.
You miss something. You barely miss something.
Something hits you but does no damage.
You barely miss something. Something hits you.
You closely miss something.
You feel the effects of Trog's Hand fading.
You closely miss something. Something hits you.
You barely miss something. Something hits you but does no damage.
You closely miss something. You closely miss something. Something hits you.
You closely miss something.
You are no longer berserk.
You are exhausted.
You feel yourself slow down. Something hits you!!
You hit something.
Your skin stops crawling.
You feel less strong-willed.
You hear some strange, mumbled words.
A magic dart appears from out of thin air!
The magic dart hits you. Something completely misses you.
You closely miss something. Something hits you.
You miss something. Something hits you!
* * * LOW HITPOINT WARNING * * *
You hear some strange, mumbled words.
Something tries to affect you, but you resist.
You barely miss something. Something hits you.
* * * LOW HITPOINT WARNING * * *
Something hits you!!
You die...

.. .. (# ##.#
#..# ##??
.#####.{#
....(..(.@##
#..........(##
#.....####(...##
#........##.....#
## #...#
#..........#
.##..#
####.(.....#
.....# ####....#
....## ##...#
#..## #...#


There were no monsters in sight!

Vanquished Creatures
  5 adders
  A gnoll (D:1)
  3 dart slugs
  5 orcs
  6 ball pythons
  5 endoplasms
  5 goblins
  5 hobgoblins
  6 bats
  4 frilled lizards
  5 kobolds
  2 rats (D:1)
52 creatures vanquished.

Notes
Turn   | Place    | Note
-------+----------+-------------------------------------------
     0 | D:1      | Dabor the Troll Berserker began the quest for the Orb.
     0 | D:1      | Reached XP level 1. HP: 22/22 MP: 0/0
    20 | D:1      | Found Goat's Assorted Antiques.
   259 | D:1      | Reached XP level 2. HP: 22/29 MP: 1/1
   316 | D:1      | Found Efaudod's Weapon Boutique.
   734 | D:1      | Bought a scroll labelled FEZOUL ITTEA for 24 gold pieces
   808 | D:2      | Reached XP level 3. HP: 36/36 MP: 2/2
  1015 | D:2      | Reached ** piety under Trog
  1060 | D:2      | Reached XP level 4. HP: 44/44 MP: 3/3
  1411 | D:3      | Found a bloodstained altar of Trog.
  1854 | D:3      | Found a faded altar of an unknown god.
  2043 | D:4      | Noticed Sigmund
  2068 | D:4      | Mangled by Sigmund

Illustrated notes

Levels and vault maps discovered:
D:1:      shiori_arrival_elements, layout_loops_ring, serial_shops,
          nicolae_diamond_shop, nicolae_shop_statue_plus, minmay_crystal_room,
          minivault_27, minivault_4
D:2:      layout_basic
D:3:      minmay_recursive_quarters, layout_basic,
          mainiacjoe_overflow_concentric_impassable, basic_ecumenical_altar,
          st_stairs_9
D:4:      layout_layer_cave, uniq_sigmund

Skill      XL: |  1  2  3  4 |
---------------+-------------+-----
Axes           | 3 |  3.6
Dodging        | 3 |  3.1
Fighting       | 3 |  3.0
Throwing       | |  0.2

Action                   |  1- 3 |  4- 6 || total
-------------------------+-------+-------++-------
Melee: Hand axe          |    54 |       ||    54
       Battleaxe         |    43 |    99 ||   142
Throw: Stone             |       |     7 ||     7
Invok: Berserk           |     4 |     2 ||     6
       Trog's Hand       |     1 |     1 ||     2
Armor: Animal skin       |    64 |    44 ||   108
Dodge: Dodged            |    91 |    63 ||   154

Table legend: (Time is in decaauts)
 A = Elapsed time spent in this place.
 B = Non-inter-level travel time spent in this place.
 C = Inter-level travel time spent in this place.
 D = Time resting spent in this place.
 E = Time spent auto-exploring this place.
 F = Levels seen in this place.
 G = Mean time per level.
                   A        B        C        D        E       F      G
               +--------+--------+--------+--------+--------+-----+--------+
         Total |   2191 |   2096 |     95 |     40 |   1542 |   4 |  547.8 |
       Dungeon |   2191 |   2096 |     95 |     40 |   1542 |   4 |  547.8 |
               +--------+--------+--------+--------+--------+-----+--------+

Top non-repeatable levels by time:
     D:1: 766 daAuts
     D:2: 710 daAuts
     D:3: 635 daAuts
     D:4: 78 daAuts
